 Dungeon Crawl Stone Soup version 0.31.0-12-g77e489cdc1 (webtiles) character file.

Game seed: 17568572090819559737

336 Ijustatesigmund the Conjurer (level 6, 0/37 (44) HPs)
             Began as a Gnoll Conjurer on Mar 7, 2024.
             Slain by a sleepcap (5 damage)
             ... on level 3 of the Dungeon.
             The game lasted 00:04:04 (3556 turns).

Ijustatesigmund the Conjurer (Gnoll Conjurer)       Turns: 3556, Time: 00:04:05

HP:   0/37 (44)     AC:  3    Str:  6    XL:     6   Next: 54%
MP:   14/14         EV: 13    Int: 20    God:
Gold: 133           SH:  0    Dex: 10    Spells: 12/15 levels left

rFire   . . .        m - +4 quarterstaff (chaos)
rCold   . . .        (shield currently unavailable)
rNeg    . . .        a - +0 robe
rPois   .            (no helmet)
rElec   .            l - +0 cloak
rCorr   .            (no gloves)
SInv    .            (no boots)
Will    .....        (no amulet)
Stlth   ++           (no ring)
HPRegen 0.26/turn    (no ring)
MPRegen 0.14/turn

%: no passive effects
@: heavily drained
A: fangs 1, strong nose, distributed training
a: no special abilities


You were on level 3 of the Dungeon.
You visited 1 branch of the dungeon, and saw 4 of its levels.

You collected 133 gold pieces.

Inventory:

Hand Weapons
 e - a +0 hand axe
 m - a +4 quarterstaff of chaos (weapon)
Armour
 a - a +0 robe (worn)
 l - a +0 cloak (worn)
Jewellery
 s - an amulet of reflection
Wands
 j - a wand of charming (23)
Scrolls
 c - 3 scrolls of revelation {unknown}
 d - 3 scrolls of amnesia {unknown}
 f - a scroll of enchant armour {unknown}
 g - 5 scrolls of identify {unknown}
 h - 3 scrolls of vulnerability {unknown}
 k - a scroll of teleportation {unknown}
Potions
 b - a potion of magic
 i - 2 potions of attraction
 n - a potion of might {unknown}
 o - a potion of cancellation {unknown}
 p - a potion of curing
 q - a potion of brilliance {unknown}
 r - a potion of haste {unknown}


   Skills:
 + Level 2.1 Fighting
 + Level 2.1 Short Blades
 + Level 2.1 Long Blades
 + Level 2.1 Axes
 + Level 2.1 Maces & Flails
 + Level 2.1 Polearms
 + Level 2.1 Staves
 + Level 2.1 Ranged Weapons
 + Level 2.1 Throwing
 + Level 2.1 Armour
 + Level 5.0 Dodging
 + Level 4.6 Stealth
 + Level 2.1 Shields
 + Level 2.1 Unarmed Combat
 + Level 5.4 Spellcasting
 + Level 7.3 Conjurations
 + Level 1.6 Hexes
 + Level 1.6 Summonings
 + Level 1.6 Necromancy
 + Level 1.6 Translocations
 + Level 1.6 Fire Magic
 + Level 1.6 Ice Magic
 + Level 1.6 Air Magic
 + Level 1.6 Earth Magic
 + Level 1.6 Alchemy
 + Level 2.3 Invocations
 + Level 2.1 Evocations
 + Level 1.9 Shapeshifting


You had 12 spell levels left.
You knew the following spells:

 Your Spells              Type           Power      Damage    Failure   Level
a - Magic Dart            Conj           100%       1d8       1%          1
b - Searing Ray           Conj           68%        2d6       1%          2

Your spell library contained the following spells:

 Spells                   Type           Power      Damage    Failure   Level
 Slow                     Hex            48%        N/A       5%          1
 Blink                    Tloc           24%        N/A       9%          2
 Call Imp                 Summ           24%        N/A       9%          2
 Confusing Touch          Hex            12%        N/A       17%         3
 Sigil of Binding         Hex            12%        N/A       17%         3
 Vampiric Draining        Necr           12%        2d6       17%         3
 Fulminant Prism          Conj/Alch      11%        3d9       17%         4
 Iskenderun's Mystic Bla  Conj/Tloc      23%        2d6       17%         4
 Summon Forest            Summ/Tloc      6%         N/A       83%         5
 Eringya's Noxious Bog    Alch           6%         4d6       100%        6
 Summon Hydra             Summ           6%         N/A       100%        7


Dungeon Overview and Level Annotations

Branches:
Dungeon (4/15)
 Temple: D:4-7

Altars:

Annotations:
D:4 Sigmund


Innate Abilities, Weirdness & Mutations

You have very sharp teeth.
Your uncanny sense of smell can sniff out nearby items.
Your experience applies equally to all skills.


Message History

Level annotation: Sigmund Sigmund casts a spell at you.
The puff of flame hits you.
The sleepcap releases spores at you but does no damage.
There is a stone staircase leading up here.
The sleepcap releases spores at you but does no damage.
You climb upwards.
There is a stone staircase leading down, spattered with blood here.
Things that are here:
a +0 leather armour; a +3 dagger of draining You hit the sleepcap.
You freeze the sleepcap.
The sleepcap is moderately damaged.
The sleepcap releases spores at you.
You are engulfed in a cloud of soporific spores!
You fall asleep.
The sleepcap releases spores at you!!
You wake up.
Ouch! That really hurt!
You are too injured to fight recklessly!
You hit the sleepcap but do no damage.
The sleepcap is moderately damaged.
The sleepcap barely misses you.
You sock the sleepcap!
You bite the sleepcap, but do no damage.
The sleepcap is severely damaged.
The sleepcap misses you. The sleepcap releases spores at you.
* * * LOW HITPOINT WARNING * * *
You are engulfed in a cloud of soporific spores!
You are unaffected.
You hit the sleepcap but do no damage.
The sleepcap seems to speed up.
The sleepcap is heavily damaged.
The sleepcap barely misses you.
You hit the sleepcap but do no damage.
Nothing appears to happen.
The sleepcap is heavily damaged.
The sleepcap releases spores at you.
* * * LOW HITPOINT WARNING * * *
The sleepcap releases spores at you but does no damage.
You completely miss the sleepcap.
The sleepcap is heavily damaged.
The sleepcap releases spores at you.
You die...

#)# #.# #.##....##. #.#### #.#
###..........
########...)#####.###....####.###
#......####...........#.## ##....
..<.....[.......##.####..###....#
.........######<...## ##...#.##.#
......(..# ###...######...##.#
.........# ###.#........####.#
.........# #.@f...#####...##.#
.........# #.##.#..## ###.##..
........## ####.##..#..# #.#...
........####....###.##.# #.#.##
.........#...#### #.##<# #.#.##
.........#.### #....## ##.#.#
.............## ####..# #....#
.........###..### #..# #.#.##
.........####...## #..###.#.#


You could see a sleepcap (fast).

Vanquished Creatures
  A jelly (D:3)
  An orc priest (D:3)
  Crazy Yiuf (D:2)
  Ijyb (D:3)
  Natasha (thrice) (D:3)
  An orc wizard (D:3)
  4 gnolls (D:3)
  3 adders (D:2)
  A dart slug (D:2)
  2 orcs (D:3)
  3 ball pythons
  3 bats
  7 endoplasms
  A giant cockroach (D:1)
  3 goblins
  9 hobgoblins
  6 quokkas
  2 frilled lizards (D:1)
  5 kobolds
  5 rats
62 creatures vanquished.

Notes
Turn   | Place    | Note
-------+----------+-------------------------------------------
     0 | D:1      | Ijustatesigmund the Gnoll Conjurer began the quest for the
                  | Orb.
     0 | D:1      | Reached XP level 1. HP: 13/13 MP: 6/6
   160 | D:1      | Reached XP level 2. HP: 19/19 MP: 5/7
   187 | D:1      | Learned a level 2 spell: Searing Ray
   641 | D:1      | Found a faded altar of an unknown god.
  1024 | D:2      | Reached skill level 5 in Spellcasting
  1024 | D:2      | Reached XP level 3. HP: 25/25 MP: 4/9
  1138 | D:2      | Reached skill level 1 in Invocations
  1242 | D:2      | Reached skill level 1 in Fighting
  1242 | D:2      | Reached skill level 1 in Short Blades
  1242 | D:2      | Reached skill level 1 in Long Blades
  1242 | D:2      | Reached skill level 1 in Axes
  1242 | D:2      | Reached skill level 1 in Maces & Flails
  1242 | D:2      | Reached skill level 1 in Polearms
  1242 | D:2      | Reached skill level 1 in Staves
  1242 | D:2      | Reached skill level 1 in Ranged Weapons
  1242 | D:2      | Reached skill level 1 in Throwing
  1242 | D:2      | Reached skill level 1 in Armour
  1242 | D:2      | Reached skill level 1 in Shields
  1242 | D:2      | Reached skill level 1 in Unarmed Combat
  1242 | D:2      | Reached skill level 1 in Evocations
  1358 | D:2      | Reached skill level 1 in Shapeshifting
  1358 | D:2      | Reached XP level 4. HP: 32/32 MP: 9/11
  1468 | D:2      | Found a runed translucent door.
  1469 | D:2      | Noticed Crazy Yiuf
  1476 | D:2      | Killed Crazy Yiuf
  1477 | D:2      | Reached skill level 1 in Hexes
  1477 | D:2      | Reached skill level 1 in Summonings
  1477 | D:2      | Reached skill level 1 in Necromancy
  1477 | D:2      | Reached skill level 1 in Translocations
  1477 | D:2      | Reached skill level 1 in Fire Magic
  1477 | D:2      | Reached skill level 1 in Ice Magic
  1477 | D:2      | Reached skill level 1 in Air Magic
  1477 | D:2      | Reached skill level 1 in Earth Magic
  1477 | D:2      | Reached skill level 1 in Alchemy
  2049 | D:3      | Noticed Natasha
  2057 | D:3      | Killed Natasha
  2058 | D:3      | Reached XP level 5. HP: 17/37 MP: 12/12
  2378 | D:3      | Noticed Natasha
  2386 | D:3      | Killed Natasha
  2399 | D:3      | Noticed Natasha
  2409 | D:3      | Killed Natasha
  2840 | D:3      | Reached XP level 6. HP: 44/44 MP: 10/13
  2844 | D:3      | Reached skill level 5 in Dodging
  3232 | D:4      | Noticed Ijyb
  3232 | D:4      | Noticed Sigmund
  3253 | D:3      | Killed Ijyb
  3556 | D:3      | Slain by a sleepcap

Illustrated notes

Levels and vault maps discovered:
D:1:      minmay_arrival_glassed_features, layout_rooms,
          dreamdust_ecumenical_altar_grove, minmay_tromino_mix6
D:2:      minmay_chambers_of_ones, layout_basic, minmay_tiny_reverse_x,
          uniq_crazy_yiuf_cottage
D:3:      layout_rooms, uniq_natasha
D:4:      layout_loops_ring, minmay_temple_entry_glassed_door, uniq_ijyb,
          uniq_blork_the_orc, uniq_sigmund

Skill      XL: |  1  2  3  4  5  6 |
---------------+-------------------+-----
Spellcasting   | 5 |  5.4
Invocations    | 1 2 |  2.3
Fighting       | 1 2 |  2.1
Short Blades   | 1 2 |  2.1
Long Blades    | 1 2 |  2.1
Axes           | 1 2 |  2.1
Maces & Flails | 1 2 |  2.1
Polearms       | 1 2 |  2.1
Staves         | 1 2 |  2.1
Ranged Weapons | 1 2 |  2.1
Throwing       | 1 2 |  2.1
Armour         | 1 2 |  2.1
Shields        | 1 2 |  2.1
Unarmed Combat | 1 2 |  2.1
Evocations     | 1 2 |  2.1
Shapeshifting  | 1 |  1.9
Hexes          | 1 |  1.6
Summonings     | 1 |  1.6
Necromancy     | 1 |  1.6
Translocations | 1 |  1.6
Fire Magic     | 1 |  1.6
Ice Magic      | 1 |  1.6
Air Magic      | 1 |  1.6
Earth Magic    | 1 |  1.6
Alchemy        | 1 |  1.6
Dodging        | 5 |  5.0
Stealth        | |  4.6
Conjurations   | |  7.3

Action                     |  1- 3 |  4- 6 || total
---------------------------+-------+-------++-------
  Melee: Short sword       |     7 |       ||     7
         Bite              |     1 |     5 ||     6
         Quarterstaff      |       |    75 ||    75
   Cast: Magic Dart        |    57 |     5 ||    62
         Searing Ray       |       |     3 ||     3
    Use: Potion            |       |     2 ||     2
   Stab: Sleeping          |       |     7 ||     7
 Armour: Robe              |     6 |    58 ||    64
  Dodge: Dodged            |     8 |    65 ||    73
